 Dungeon Crawl Stone Soup version 0.30-a0-777-ga9a30cbeda (webtiles) character file.

Game seed: 1685373390794730765

60 Ghostmaker01 the Covered (level 3, 0/34 HPs)
             Began as a Minotaur Fighter on Feb 14, 2023.
             Succumbed to an orc wizard's poison
             ... on level 3 of the Dungeon.
             The game lasted 00:09:28 (1954 turns).

Ghostmaker01 the Covered (Minotaur Fighter)         Turns: 1954, Time: 00:09:29

Health: 0/34       AC: 10    Str: 22    XL:     3   Next: 82%
Magic:  2/2        EV:  7    Int:  5    God:
Gold:   90         SH:  4    Dex:  9    Spells: 2/2 levels left

rFire   . . .      SeeInvis .    a - +0 war axe
rCold   . . .      Faith    .    c - +0 buckler
rNeg    . . .      Spirit   .    q - +1 chain mail {Will+}
rPois   .          Reflect  .    (helmet restricted)
rElec   .          Harm     .    (no cloak)
rCorr   .          Rampage  .    (no gloves)
Will    +....                    (no boots) Stlth
                                 r - amulet of magic regeneration
HPRegen 0.25/turn                (no ring)
MPRegen 0.48/turn                (no ring)

@: lethally poisoned (0 -> -23)
A: horns 2, retaliatory headbutt
a: no special abilities


You were on level 3 of the Dungeon.
You visited 1 branch of the dungeon, and saw 3 of its levels.

You collected 90 gold pieces.

Inventory:

Hand Weapons
 a - a +0 war axe (weapon)
Armour
 b - a +0 scale mail
 c - a +0 buckler (worn)
 o - an orb of guile
 q - a +1 chain mail of willpower (worn)
Magical Staves
 i - a staff of conjuration
 k - a staff of earth
 m - a staff of poison
Jewellery
 r - an amulet of magic regeneration (around neck)
Scrolls
 e - a scroll of fog {unknown}
 f - a scroll of noise {unknown}
 g - 2 scrolls of poison
 h - a scroll of teleportation
 j - a scroll of identify {unknown}
 s - a scroll of brand weapon {unknown}
Potions
 d - a potion of might
 l - 2 potions of heal wounds {unknown}
 n - a potion of lignification {unknown}
 p - a potion of degeneration {unknown}
 t - a potion of invisibility {unknown}


   Skills:
 * Level 4.3 Fighting
 * Level 3.4 Axes
 * Level 4.3 Armour
 + Level 4.0 Shields


You had 2 spell levels left.
You didn't know any spells.
Your spell library was empty.

Dungeon Overview and Level Annotations

Branches:
Dungeon (3/15)

Altars:

Shops:
D:2 (


Innate Abilities, Weirdness & Mutations

You have a pair of horns on your head.
You reflexively headbutt those who attack you in melee.


Message History

You miss something.
You feel very sick.
You hear some strange, mumbled words.
A puff of flame appears from out of thin air!
The puff of flame hits you but does no damage.
You hit the orc. You headbutt the orc.
You kill the orc!
You barely miss something.
You feel very sick. Something hits you but does no damage.
You are more poisoned.
You feel sick. You block the orc's attack.
You hear some strange, mumbled words.
Something tries to affect you, but you resist.
You see here a +0 flail.
You slash the orc!
You kill the orc!
You closely miss something.
You feel very sick.
You hear some strange, mumbled words.
A magic dart appears from out of thin air!
The magic dart hits you. Something hits you but does no damage.
You are more poisoned.
You feel very sick. Something hits you but does no damage.
You see here a +0 ring mail.
You slash something!
You feel very sick. Something hits you but does no damage.
You are lethally poisoned!
You miss something.
* * * LOW HITPOINT WARNING * * *
You feel very sick. Something hits you.
* * * LOW HITPOINT WARNING * * *
You are more poisoned.
Something hits you but does no damage.
You are more poisoned.
You miss something. Your headbutt misses something.
You die...

#.### #.#.
##.#. ... ... .
### # #.### ...
...#.#)#.#....
###.#.#)#.#..#
......)@{...#
##.##.#..#.####
....#.....<....
##..?.......!.
#........$....
#[.###.##.....
#.$ #.# ####.
#. #.### #
#...#


There were no monsters in sight!

Vanquished Creatures
  An adder (D:2)
  A worm (D:3)
  2 dart slugs
  4 orcs (D:3)
  3 endoplasms
  2 hobgoblins
  7 kobolds
  2 ball pythons
  3 bats (D:2)
  2 frilled lizards
  7 goblins
  5 rats
39 creatures vanquished.

Notes
Turn   | Place    | Note
-------+----------+-------------------------------------------
     0 | D:1      | Ghostmaker01 the Minotaur Fighter began the quest for the
                  | Orb.
     0 | D:1      | Reached XP level 1. HP: 19/19 MP: 0/0
   420 | D:1      | Reached XP level 2. HP: 19/27 MP: 1/1
   809 | D:2      | Reached XP level 3. HP: 27/33 MP: 2/2
   956 | D:2      | Found Feicis's Weapon Shop.
  1954 | D:3      | Succumbed to an orc wizard's poison

Illustrated notes

Levels and vault maps discovered:
D:1:      eino_arrival_druids_welcome, layout_basic
D:2:      layout_loops_ring, serial_shops, shop
D:3:      layout_loops_ring, yredelemnul_altar_generic,
          minmay_misc_feat_nine_boxes, uniq_grinder

Skill      XL: |  1  2  3 |
---------------+----------+-----
Armour         | 4 |  4.3
Fighting       | 4 |  4.3
Shields        | 4 |  4.0
Axes           | 3 |  3.4

Action                     || total
---------------------------++-------
  Melee: War axe           ||    73
         Headbutt          ||    15
    Use: Scroll            ||     2
 Armour: Scale mail        ||    21
         Chain mail        ||    18
  Dodge: Dodged            ||    29
  Block: Buckler           ||    19

Table legend: (Time is in decaauts)
 A = Elapsed time spent in this place.
 B = Non-inter-level travel time spent in this place.
 C = Inter-level travel time spent in this place.
 D = Time resting spent in this place.
 E = Time spent auto-exploring this place.
 F = Levels seen in this place.
 G = Mean time per level.
                   A        B        C        D        E       F      G
               +--------+--------+--------+--------+--------+-----+--------+
         Total |   1982 |   1907 |     75 |    200 |   1333 |   3 |  660.7 |
       Dungeon |   1982 |   1907 |     75 |    200 |   1333 |   3 |  660.7 |
               +--------+--------+--------+--------+--------+-----+--------+

Top non-repeatable levels by time:
     D:2: 875 daAuts
     D:1: 744 daAuts
     D:3: 361 daAuts
